 Dungeon Crawl Stone Soup version 0.30.1-9-gdf580d7c3d (webtiles) character file.

Game seed: 8069287616882966955

58 Psyclone the Conjurer (level 3, 19/19 HPs)
             Began as a Deep Elf Conjurer on Sept 29, 2023.
             Was an Initiate of Ashenzari.
             Quit the game on level 3 of the Dungeon.
             The game lasted 00:03:35 (2399 turns).

Psyclone the Conjurer (Deep Elf Conjurer)           Turns: 2399, Time: 00:03:35

Health: 19/19      AC:  4    Str:  4    XL:     3   Next: 75%
Magic:  9/9        EV: 12    Int: 24    God:    Ashenzari [......]
Gold:   60         SH:  0    Dex: 13    Spells: 7/8 levels left

rFire   . . .        f - +2 dagger (venom)
rCold   . . .        (no shield)
rNeg    . . .        a - +0 robe
rPois   .            c - +0 helmet
rElec   .            (no cloak)
rCorr   .            k - +0 pair of gloves
SInv    .            (no boots)
Will    .....        (no amulet)
Stlth   ++           (no ring)
HPRegen 0.23/turn    (no ring)
MPRegen 0.11/turn

%: no passive effects
@: attractive, flying, invisible
A: no striking features
a: Renounce Religion


You were on level 3 of the Dungeon.
You worshipped Ashenzari.
Ashenzari was noncommittal.
You visited 1 branch of the dungeon, and saw 3 of its levels.

You collected 60 gold pieces.

Inventory:

Hand Weapons
 f - a +2 dagger of venom (weapon)
Armour
 a - a +0 robe (worn)
 c - a +0 helmet (worn)
 k - a +0 pair of gloves (worn)
Jewellery
 e - a ring of positive energy
Scrolls
 n - a scroll of poison
 p - a scroll of identify {@r1}
 q - a scroll of teleportation
Potions
 b - a potion of magic
 i - a potion of invisibility


   Skills:
 - Level 2.4 Dodging
 - Level 2.4 Stealth
 - Level 3.0 Spellcasting
 + Level 6.0 Conjurations


You had 7 spell levels left.
You knew the following spells:

 Your Spells              Type           Power      Damage    Failure   Level
a - Magic Dart            Conj           100%       1d8       1%          1

Your spell library contained the following spells:

 Spells                   Type           Power      Damage    Failure   Level
 Searing Ray              Conj           64%        2d6       1%          2
 Dazzling Flash           Conj/Hex       36%        N/A       10%         3
 Mephitic Cloud           Conj/Pois/Air  13%        N/A       14%         3
 Call Imp                 Summ           6%         N/A       16%         2
 Fulminant Prism          Conj/Hex       9%         3d7       30%         4
 Iskenderun's Mystic Bla  Conj/Tloc      18%        2d6       30%         4
 Volatile Blastmotes      Fire/Tloc      6%         2d10      32%         3
 Starburst                Conj/Fire      9%         6d5       99%         6


Dungeon Overview and Level Annotations

Branches:
Dungeon (3/15) Zot: 15599

Altars:
Ashenzari
Wu Jian


Message History

Ashenzari warns you of distant threats and treasures.
Ashenzari reveals the structure of the dungeon to you.
Ashenzari shows you where magical portals lie.
Things that are here:
a +0 short sword; 5 stones; a kobold corpse
Things that are here:
a +0 whip; a kobold skeleton Key pressed, stopping explore.
As you read the scroll labelled NEDETO OFUESCH, it crumbles to dust.
It is a scroll of brand weapon.
Your +1 dagger of flaming drips with poison.
f - a +1 dagger of venom (weapon)
Blink to where?
Press: ? - help, Dir - move target
As you read the scroll labelled PISYNO POERIUDGH, it crumbles to dust.
It was a scroll of blinking.
As you read the scroll labelled MENOET PISU, it crumbles to dust.
You assume a fearsome visage.
Nothing appears to happen.
It was a scroll of fear.
As you read the scroll labelled VUJAEX ZILO, it crumbles to dust.
It is a scroll of identify.
n - a scroll of poison
As you read the scroll labelled VIUNAR TUROATU, it crumbles to dust.
You feel strangely unstable.
It was a scroll of teleportation.
As you read the scroll labelled NESMONISTRE, it crumbles to dust.
You feel aware of your surroundings.
It was a scroll of magic mapping.
As you read the scroll labelled SAMET ZERPH, it crumbles to dust.
It is a scroll of enchant weapon.
Your +1 dagger of venom glows red for a moment.
It was a potion of flight.
You feel very buoyant.
You fly up into the air.
It was a potion of heal wounds.
You feel much better.
Your surroundings suddenly seem different.
It was a potion of invisibility.
You fade into invisibility!
It was a potion of curing.
You feel better.
It was a potion of attraction.
You feel attractive to monsters.
Okay, then.
Unknown command.
Are you sure you want to abandon this character and quit the game? (Confirm with "yes".)

#..............# * ###
#..............# * #.#
##..............# * #.#
#...............# *
#######.#####.##..>.......#.# *
#.....#.....#.#############.#####
#.###.........# #......
#.#⌠###......########## ######.
....# #[........@.....##########.
._..###.....#########............
....#....#### #########....
#####...)# #.... #......##
#####.. #.......### ###.....#
#.........###### ##...#####
#......#.......#######..###
#####.##.#####.....).#.###


There were no monsters in sight!

Vanquished Creatures
  An adder (D:2)
  3 endoplasms
  2 giant cockroaches (D:1)
  3 goblins (D:1)
  5 hobgoblins
  4 jackals (D:1)
  2 quokkas (D:1)
  4 ball pythons
  8 bats
  3 frilled lizards
  5 kobolds
  3 rats (D:2)
43 creatures vanquished.

Notes
Turn   | Place    | Note
-------+----------+-------------------------------------------
     0 | D:1      | Psyclone the Deep Elf Conjurer began the quest for the Orb.
     0 | D:1      | Reached XP level 1. HP: 10/10 MP: 6/6
   253 | D:1      | Reached XP level 2. HP: 15/15 MP: 5/8
   304 | D:1      | Reached skill level 5 in Conjurations
   881 | D:1      | Reached XP level 3. HP: 19/19 MP: 5/9
  1378 | D:2      | Found a faded altar of an unknown god.
  1877 | D:2      | Found an ornate altar of the Wu Jian Council.
  2057 | D:3      | Reached skill level 6 in Conjurations
  2256 | D:3      | Found a broken altar of Ashenzari.
  2344 | D:3      | Became a worshipper of Ashenzari the Shackled
  2399 | D:3      | Quit the game

Illustrated notes

Levels and vault maps discovered:
D:1:      saegor_arrival_simple_e, layout_basic, kennysheep_pointless_box
D:2:      layout_basic, shapermc_ecumenical_altar_mp_urbaneastern, basic_altar
D:3:      layout_rooms, mainiacjoe_overflow_alcove_2, hex_tiny

Skill      XL: |  1  2  3 |
---------------+----------+-----
Conjurations   | 5 6 |  6.0
Dodging        | |  2.4
Stealth        | |  2.4
Spellcasting   | |  3.0

Action                     || total
---------------------------++-------
  Melee: Dagger            ||    18
   Cast: Magic Dart        ||    80
    Use: Scroll            ||     7
         Potion            ||     5
 Armour: Robe              ||     8
  Dodge: Dodged            ||    12
